[ AOE2 MATCH · #494413079 ]
UnrankedTeutons vs Teutons
Player's team · WIN
Rival team · LOSS
[ REPLAY ANALYSIS · EXTRACTED FROM THE RECORDED GAME ]
Feudal
9:34
Castle
24:28
Imperial
—
| APM avg | 55.8 |
| APM peak | 90 |
| eAPM avg | 33.2 |
| Villagers / military | 147 / 63 |
Focus
⚔️ 31.6% · 🌾 68.4%
Knight ×53 · Militia ×5 · Battering Ram ×4 · Monk ×1
Feudal
8:46
Castle
26:46
Imperial
—
| APM avg | 35.4 |
| APM peak | 68 |
| eAPM avg | 22.9 |
| Villagers / military | 83 / 74 |
Focus
⚔️ 33.3% · 🌾 66.7%
Knight ×58 · Monk ×10 · Scout Cavalry ×6
Match map
Initial resources + every placement click. Lines = walls · curves = elevation contours. ◆ gold · ⬟ stone · ● berries · ✦ relic · ◌ wall gap
Your base· Open — 5t gap
Drug0s's base· Open — 5t gap
Smoothed initial terrain · ◌ = detected wall gap · hover for details
Inputs per minute
— [bK] Inocente_ - - Drug0s
Build order — [bK] Inocente_
First 150 of 366 actions detected
| 0:01 | Create | Villager (Male) ×4 |
| 0:01 | Create | Villager (Male) ×4 |
| 0:02 | Build | House |
| 0:02 | Build | House |
| 1:25 | Create | Villager (Male) |
| 1:50 | Build | Lumber Camp |
| 2:02 | Create | Villager (Male) |
| 2:16 | Create | Villager (Male) |
| 2:46 | Create | Villager (Male) |
| 3:00 | Create | Villager (Male) |
| 3:31 | Create | Villager (Male) |
| 3:46 | Create | Villager (Male) |
| 3:49 | Build | House |
| 4:11 | Build | Mill |
| 4:19 | Create | Villager (Male) |
| 4:20 | Build | House |
| 4:52 | Create | Villager (Male) |
| 5:03 | Create | Villager (Male) |
| 5:31 | Create | Villager (Male) |
| 5:55 | Create | Villager (Male) |
| 5:55 | Create | Villager (Male) |
| 6:14 | Research | Loom |
| 6:18 | Build | Barracks |
| 7:24 | Research | Feudal Age |
| 8:00 | Build | House |
| 8:03 | Build | Mining Camp |
| 8:04 | Create | Militia |
| 8:04 | Create | Militia |
| 8:13 | Create | Militia |
| 8:53 | Create | Militia |
| 9:32 | Create | Villager (Male) |
| 9:34 | Age | Feudal Age |
| 9:39 | Build | Watch Tower |
| 9:43 | Create | Villager (Male) |
| 9:50 | Build | Mining Camp |
| 9:51 | Create | Villager (Male) |
| 10:04 | Build | Farm |
| 10:05 | Build | Farm |
| 10:13 | Build | House |
| 10:29 | Create | Villager (Male) |
| 10:31 | Build | Farm |
| 10:32 | Create | Villager (Male) |
| 10:48 | Create | Villager (Male) |
| 10:54 | Create | Villager (Male) |
| 11:01 | Create | Villager (Male) |
| 11:21 | Build | Farm |
| 11:30 | Build | Farm |
| 11:31 | Create | Villager (Male) |
| 11:42 | Build | Mining Camp |
| 11:48 | Build | House |
| 11:52 | Build | Palisade Wall |
| 11:55 | Create | Villager (Male) |
| 12:14 | Build | House |
| 12:15 | Build | House |
| 12:18 | Build | Palisade Wall |
| 12:22 | Create | Villager (Male) |
| 12:33 | Build | Watch Tower |
| 12:35 | Build | House |
| 12:43 | Create | Militia |
| 12:57 | Build | Palisade Gate |
| 13:37 | Create | Villager (Male) |
| 14:02 | Build | Farm |
| 14:21 | Create | Villager (Male) |
| 14:36 | Build | Watch Tower |
| 14:46 | Build | Lumber Camp |
| 14:53 | Build | Farm |
| 14:54 | Create | Villager (Male) |
| 15:22 | Create | Villager (Male) |
| 15:50 | Create | Villager (Male) |
| 15:53 | Build | Blacksmith |
| 15:59 | Build | Farm |
| 16:18 | Create | Villager (Male) |
| 16:27 | Build | Farm |
| 16:33 | Create | Villager (Male) |
| 16:36 | Build | House |
| 16:44 | Research | Fletching |
| 16:49 | Build | Farm |
| 17:02 | Build | Watch Tower |
| 17:06 | Create | Villager (Male) |
| 17:11 | Build | Farm |
| 17:13 | Build | Farm |
| 17:16 | Create | Villager (Male) |
| 17:52 | Create | Villager (Male) |
| 18:06 | Build | Stable |
| 18:09 | Create | Villager (Male) |
| 18:14 | Build | Farm |
| 18:15 | Build | Farm |
| 18:17 | Create | Villager (Male) |
| 18:29 | Build | Palisade Wall |
| 18:29 | Build | Palisade Wall |
| 18:30 | Build | Palisade Wall |
| 18:44 | Create | Villager (Male) |
| 18:47 | Build | Farm |
| 18:56 | Build | Mill |
| 19:14 | Create | Villager (Male) |
| 19:40 | Create | Villager (Male) |
| 19:44 | Build | House |
| 19:45 | Build | House |
| 20:02 | Create | Villager (Male) |
| 20:17 | Build | Farm |
| 20:19 | Build | Farm |
| 20:23 | Create | Villager (Male) |
| 20:36 | Build | Watch Tower |
| 20:39 | Create | Villager (Male) |
| 21:05 | Build | Palisade Wall |
| 21:48 | Research | Castle Age |
| 21:53 | Build | Stable |
| 22:16 | Build | House |
| 22:33 | Research | Bloodlines |
| 22:45 | Research | Double-Bit Axe |
| 24:00 | Create | Villager (Male) |
| 24:16 | Create | Villager (Male) |
| 24:23 | Research | Scale Barding Armor |
| 24:28 | Age | Castle Age |
| 24:30 | Create | Knight |
| 24:31 | Create | Knight |
| 24:31 | Create | Villager (Male) |
| 24:35 | Create | Villager (Male) |
| 24:43 | Build | Siege Workshop |
| 24:45 | Create | Villager (Male) |
| 24:52 | Build | Castle |
| 24:58 | Build | Watch Tower |
| 25:01 | Create | Villager (Male) |
| 25:02 | Create | Knight |
| 25:06 | Build | Farm |
| 25:07 | Create | Battering Ram |
| 25:07 | Create | Battering Ram |
| 25:14 | Create | Knight |
| 25:20 | Research | Chain Barding Armor |
| 25:21 | Research | Chain Barding Armor |
| 25:23 | Create | Knight |
| 25:23 | Create | Knight |
| 25:25 | Create | Villager (Male) |
| 25:56 | Create | Villager (Male) |
| 25:57 | Create | Battering Ram |
| 26:01 | Create | Villager (Male) |
| 26:44 | Create | Villager (Male) |
| 26:51 | Create | Battering Ram |
| 26:52 | Create | Villager (Male) |
| 26:56 | Create | Knight |
| 26:57 | Create | Villager (Male) |
| 27:07 | Create | Villager (Male) |
| 27:20 | Build | Watch Tower |
| 27:21 | Create | Villager (Male) |
| 27:53 | Create | Villager (Male) |
| 27:56 | Build | House |
| 27:58 | Create | Knight |
| 27:58 | Create | Villager (Male) |
| 28:03 | Build | Town Center |
| 28:20 | Create | Villager (Male) |
Build order — Drug0s
First 150 of 308 actions detected
| 0:00 | Create | Villager (Male) |
| 0:01 | Create | Villager (Male) |
| 0:02 | Build | House |
| 0:03 | Build | House |
| 0:12 | Create | Villager (Male) |
| 0:12 | Create | Villager (Male) |
| 1:22 | Create | Villager (Male) |
| 2:00 | Build | Lumber Camp |
| 2:02 | Create | Villager (Male) |
| 2:14 | Create | Villager (Male) |
| 2:15 | Create | Villager (Male) |
| 2:47 | Create | Villager (Male) |
| 2:47 | Create | Villager (Male) |
| 3:07 | Create | Villager (Male) |
| 3:42 | Create | Villager (Male) |
| 3:50 | Build | House |
| 4:08 | Create | Villager (Male) |
| 4:32 | Create | Villager (Male) |
| 4:45 | Build | Mill |
| 4:52 | Create | Villager (Male) |
| 4:52 | Create | Villager (Male) |
| 5:04 | Create | Villager (Male) |
| 5:29 | Research | Loom |
| 6:36 | Research | Feudal Age |
| 6:36 | Research | Feudal Age |
| 6:49 | Build | Mining Camp |
| 7:01 | Build | House |
| 7:22 | Build | Palisade Wall |
| 7:36 | Build | Palisade Wall |
| 7:38 | Build | Palisade Wall |
| 7:41 | Create | Villager (Male) |
| 8:05 | Create | Villager (Male) |
| 8:45 | Create | Villager (Male) |
| 8:46 | Age | Feudal Age |
| 8:50 | Research | Double-Bit Axe |
| 8:50 | Research | Double-Bit Axe |
| 9:01 | Build | Watch Tower |
| 9:02 | Build | Palisade Wall |
| 9:03 | Build | Palisade Wall |
| 9:07 | Build | Palisade Wall |
| 9:13 | Build | House |
| 9:15 | Build | Palisade Wall |
| 9:16 | Build | Palisade Wall |
| 9:28 | Build | House |
| 9:33 | Create | Villager (Male) |
| 9:46 | Build | Watch Tower |
| 10:12 | Build | Palisade Wall |
| 10:14 | Build | Palisade Wall |
| 10:16 | Build | Palisade Wall |
| 10:35 | Create | Villager (Male) |
| 10:48 | Build | Palisade Wall |
| 10:50 | Build | Palisade Wall |
| 11:00 | Build | House |
| 11:06 | Build | Palisade Wall |
| 11:08 | Build | Palisade Wall |
| 11:13 | Build | Palisade Wall |
| 11:18 | Create | Villager (Male) |
| 11:27 | Build | Blacksmith |
| 11:40 | Build | Palisade Wall |
| 11:41 | Build | Palisade Wall |
| 11:44 | Create | Villager (Male) |
| 12:02 | Build | Watch Tower |
| 12:08 | Create | Villager (Male) |
| 12:16 | Build | Watch Tower |
| 13:00 | Create | Villager (Male) |
| 13:55 | Build | House |
| 13:56 | Create | Villager (Male) |
| 14:03 | Create | Villager (Male) |
| 14:05 | Build | Farm |
| 14:05 | Build | Farm |
| 14:06 | Build | Farm |
| 14:07 | Build | Farm |
| 14:08 | Build | Farm |
| 14:10 | Build | Farm |
| 14:11 | Build | Farm |
| 14:17 | Build | House |
| 14:40 | Build | Outpost |
| 14:52 | Build | Farm |
| 15:09 | Build | Palisade Wall |
| 15:17 | Build | Watch Tower |
| 15:24 | Build | Watch Tower |
| 15:25 | Create | Villager (Male) |
| 15:28 | Build | Farm |
| 15:52 | Create | Villager (Male) |
| 16:00 | Build | Farm |
| 16:12 | Build | Watch Tower |
| 16:21 | Create | Villager (Male) |
| 16:24 | Build | Farm |
| 16:45 | Research | Fletching |
| 16:49 | Build | Farm |
| 16:59 | Create | Villager (Male) |
| 17:06 | Build | Farm |
| 17:23 | Create | Villager (Male) |
| 17:34 | Build | House |
| 17:44 | Create | Villager (Male) |
| 17:46 | Build | Farm |
| 17:56 | Create | Villager (Male) |
| 18:00 | Build | Palisade Wall |
| 18:23 | Build | Lumber Camp |
| 18:37 | Build | House |
| 18:48 | Create | Villager (Male) |
| 19:07 | Create | Villager (Male) |
| 19:23 | Create | Villager (Male) |
| 19:30 | Build | Lumber Camp |
| 19:38 | Build | Outpost |
| 19:39 | Create | Villager (Male) |
| 19:44 | Create | Villager (Male) |
| 19:54 | Create | Villager (Male) |
| 20:02 | Build | House |
| 20:19 | Build | Barracks |
| 20:20 | Create | Villager (Male) |
| 20:24 | Create | Villager (Male) |
| 20:45 | Create | Villager (Male) |
| 20:48 | Build | Mining Camp |
| 20:53 | Build | Watch Tower |
| 21:01 | Build | Watch Tower |
| 21:05 | Create | Villager (Male) |
| 21:32 | Create | Villager (Male) |
| 21:36 | Build | Stable |
| 21:51 | Create | Villager (Male) |
| 21:58 | Create | Villager (Male) |
| 22:01 | Build | Farm |
| 22:02 | Build | Farm |
| 22:13 | Build | Farm |
| 22:18 | Build | Farm |
| 22:19 | Create | Villager (Male) |
| 22:31 | Build | Farm |
| 22:35 | Build | Farm |
| 22:49 | Build | House |
| 22:50 | Create | Scout Cavalry |
| 22:59 | Create | Villager (Male) |
| 23:05 | Research | Town Watch |
| 23:16 | Build | House |
| 23:19 | Build | Palisade Wall |
| 23:20 | Build | Palisade Wall |
| 23:21 | Build | Palisade Wall |
| 23:27 | Build | Stable |
| 23:30 | Create | Villager (Male) |
| 23:35 | Create | Scout Cavalry |
| 23:42 | Build | Farm |
| 24:06 | Research | Castle Age |
| 24:06 | Research | Castle Age |
| 24:11 | Create | Scout Cavalry |
| 24:11 | Create | Scout Cavalry |
| 24:31 | Build | House |
| 24:35 | Create | Scout Cavalry |
| 24:44 | Build | Stable |
| 24:48 | Create | Scout Cavalry |
| 25:07 | Research | Horse Collar |
| 25:32 | Research | Gold Mining |
Match timeline
| 6:18 | [bK] Inocente_ · first_building Barracks |
| 7:22 | Drug0s · wall_segment Palisade Wall x1 |
| 7:36 | Drug0s · wall_segment Palisade Wall x1 |
| 7:38 | Drug0s · wall_segment Palisade Wall x1 |
| 8:46 | Drug0s · age_up feudal |
| 9:02 | Drug0s · wall_segment Palisade Wall x1 |
| 9:03 | Drug0s · wall_segment Palisade Wall x1 |
| 9:07 | Drug0s · wall_segment Palisade Wall x1 |
| 9:15 | Drug0s · wall_segment Palisade Wall x1 |
| 9:16 | Drug0s · wall_segment Palisade Wall x1 |
| 9:34 | [bK] Inocente_ · age_up feudal |
| 10:12 | Drug0s · wall_segment Palisade Wall x1 |
| 10:14 | Drug0s · wall_segment Palisade Wall x1 |
| 10:16 | Drug0s · wall_segment Palisade Wall x1 |
| 10:48 | Drug0s · wall_segment Palisade Wall x1 |
| 10:50 | Drug0s · wall_segment Palisade Wall x1 |
| 11:06 | Drug0s · wall_segment Palisade Wall x1 |
| 11:08 | Drug0s · wall_segment Palisade Wall x1 |
| 11:13 | Drug0s · wall_segment Palisade Wall x1 |
| 11:40 | Drug0s · wall_segment Palisade Wall x6 |
| 11:41 | Drug0s · wall_segment Palisade Wall x3 |
| 11:52 | [bK] Inocente_ · wall_segment Palisade Wall x9 |
| 12:18 | [bK] Inocente_ · wall_segment Palisade Wall x3 |
| 15:09 | Drug0s · wall_segment Palisade Wall x1 |
| 18:00 | Drug0s · wall_segment Palisade Wall x1 |
| 18:06 | [bK] Inocente_ · first_building Stable |
| 18:29 | [bK] Inocente_ · wall_segment Palisade Wall x1 |
| 18:29 | [bK] Inocente_ · wall_segment Palisade Wall x1 |
| 18:30 | [bK] Inocente_ · wall_segment Palisade Wall x1 |
| 20:19 | Drug0s · first_building Barracks |
| 21:05 | [bK] Inocente_ · wall_segment Palisade Wall x1 |
| 21:36 | Drug0s · first_building Stable |
| 23:19 | Drug0s · wall_segment Palisade Wall x4 |
| 23:20 | Drug0s · wall_segment Palisade Wall x5 |
| 23:21 | Drug0s · wall_segment Palisade Wall x1 |
| 24:28 | [bK] Inocente_ · age_up castle |
| 24:43 | [bK] Inocente_ · first_building Siege Workshop |
| 24:52 | [bK] Inocente_ · first_building Castle |
| 26:46 | Drug0s · age_up castle |
| 27:30 | Drug0s · wall_segment Palisade Wall x1 |
| 27:31 | Drug0s · wall_segment Palisade Wall x1 |
| 27:33 | Drug0s · wall_segment Palisade Wall x1 |
| 27:34 | Drug0s · wall_segment Palisade Wall x1 |
| 28:52 | [bK] Inocente_ · wall_segment Palisade Wall x1 |
| 28:52 | [bK] Inocente_ · wall_segment Palisade Wall x1 |
| 28:53 | [bK] Inocente_ · wall_segment Palisade Wall x1 |
| 28:54 | [bK] Inocente_ · wall_segment Palisade Wall x1 |
| 30:25 | Drug0s · wall_segment Palisade Wall x1 |
| 30:32 | Drug0s · wall_segment Palisade Wall x1 |
| 30:37 | [bK] Inocente_ · wall_segment Palisade Wall x8 |
| 34:44 | Drug0s · first_building Monastery |
| 37:40 | [bK] Inocente_ · first_building Monastery |
| 38:47 | Drug0s · wall_segment Palisade Wall x1 |
| 42:38 | Drug0s · resign |
[ AI ANALYSIS · 1 CREDIT ]
What really happened in this match?
Wolo.gg analyzes every decision: build order, eco, micro, common mistakes by bracket. Personalized analysis on WhatsApp or Discord in 30 seconds.
Civ guide
Teutons
Perfil
[bK] Inocente_